 Dungeon Crawl Stone Soup version 0.30.1-4-g462c640d31 (webtiles) character file.

Game seed: 3633246416552153860

101 Bobit the Cudgeller (level 4, 0/38 HPs)
             Began as a Gnoll Reaver on Aug 16, 2023.
             Slain by an iguana (9 damage)
             ... on level 3 of the Dungeon.
             The game lasted 00:03:01 (1857 turns).

Bobit the Cudgeller (Gnoll Reaver)                  Turns: 1857, Time: 00:03:03

Health: 0/38       AC:  7    Str: 13    XL:     4   Next: 75%
Magic:  11/11      EV: 12    Int: 12    God:
Gold:   142        SH:  0    Dex: 11    Spells: 10/13 levels left

rFire   . . .        a - +0 mace
rCold   + . .        (no shield)
rNeg    . . .        b - +0 leather armour
rPois   .            (no helmet)
rElec   .            (no cloak)
rCorr   .            (no gloves)
SInv    .            (no boots)
Will    .....        e - amulet of regeneration
Stlth   +            h - +4 ring of protection
HPRegen 1.06/turn    j - ring of protection from cold
MPRegen 0.12/turn

%: no passive effects
@: no status effects
A: fangs 1, strong nose, distributed training
a: no special abilities


You were on level 3 of the Dungeon.
You visited 1 branch of the dungeon, and saw 4 of its levels.

You collected 142 gold pieces.

Inventory:

Hand Weapons
 a - a +0 mace (weapon)
Armour
 b - a +0 leather armour (worn)
Jewellery
 e - an amulet of regeneration (around neck)
 h - a +4 ring of protection (left hand)
 j - a ring of protection from cold (right hand)
Wands
 m - a wand of flame (29)
 r - a wand of mindburst (12)
Scrolls
 c - 5 scrolls of identify {unknown}
 d - a scroll of teleportation {unknown}
 f - a scroll of silence {unknown}
 g - 2 scrolls of magic mapping {unknown}
 k - a scroll of immolation {unknown}
 l - 3 scrolls of torment {unknown}
 p - a scroll of enchant weapon {unknown}
 q - a scroll of fear {unknown}
 s - a scroll of brand weapon {unknown}
Potions
 i - 2 potions of attraction {unknown}
 n - a potion of heal wounds {unknown}
 o - a potion of invisibility {unknown}


   Skills:
 + Level 4.7 Fighting
 + Level 1.2 Short Blades
 + Level 1.2 Long Blades
 + Level 1.2 Axes
 + Level 6.6 Maces & Flails
 + Level 1.2 Polearms
 + Level 1.2 Staves
 + Level 1.2 Ranged Weapons
 + Level 1.2 Throwing
 + Level 1.2 Armour
 + Level 4.7 Dodging
 + Level 1.2 Stealth
 + Level 1.2 Shields
 + Level 1.2 Unarmed Combat
 + Level 5.1 Spellcasting
 + Level 5.5 Conjurations
 + Level 1.0 Hexes
 + Level 1.0 Summonings
 + Level 1.0 Necromancy
 + Level 1.0 Translocations
 + Level 1.0 Transmutations
 + Level 1.0 Fire Magic
 + Level 1.0 Ice Magic
 + Level 1.0 Air Magic
 + Level 1.0 Earth Magic
 + Level 1.0 Poison Magic
 + Level 1.4 Invocations
 + Level 1.2 Evocations


You had 10 spell levels left.
You knew the following spells:

 Your Spells              Type           Power      Damage    Failure   Level
a - Kiss of Death         Conj/Necr      40%        2d8       7%          1
b - Momentum Strike       Conj/Tloc      20%        3d8       10%         2

Your spell library contained the following spells:

 Spells                   Type           Power      Damage    Failure   Level
 Hailstorm                Conj/Ice       10%        3d5       21%         3
 Cigotuvi's Dreadful Rot  Necr/Pois/Air  10%        N/A       24%         2
 Confusing Touch          Hex            5%         N/A       43%         3
 Dispel Undead            Necr           5%         3d7       85%         4
 Death Channel            Necr           2%         N/A       100%        6


Dungeon Overview and Level Annotations

Branches:
Dungeon (4/15)
 Temple: D:4-7

Altars:


Innate Abilities, Weirdness & Mutations

You have very sharp teeth.
Your uncanny sense of smell can sniff out nearby items.
Your experience applies equally to all skills.


Message History

The iguana is almost dead.
The iguana bites you. The hobgoblin closely misses you. The jelly hits you.
You are splashed with acid!
You are too injured to fight recklessly!
There are monsters nearby!
There are monsters nearby!
Unknown command.
The hobgoblin attacks as you move away! The hobgoblin closely misses you.
The iguana attacks as you move away!
The iguana bites you but does no damage.
The hobgoblin attacks as you move away! The hobgoblin hits you.
There is a stone staircase leading up here.
The iguana bites you!
* * * LOW HITPOINT WARNING * * *
The hobgoblin misses you. The jelly hits you but does no damage.
You climb upwards.
There is a stone staircase leading down here.
Cast which spell? (? or * to list)
Okay, then.
Aiming: Throw Flame
Press: ? - help, Q - select action, (/) - cycle Shift-Dir - straight line, f - jelly
Aim: a jelly (100% to hit)
The puff of flame hits the jelly.
The jelly is moderately wounded.
The jelly hits you but does no damage. The iguana bites you.
* * * LOW HITPOINT WARNING * * *
The hobgoblin closely misses you.
Aiming: Throw Flame
Press: ? - help, Q - select action, (/) - cycle Shift-Dir - straight line, f/p - jelly
Aim: a jelly (moderately wounded, 100% to hit)
The puff of flame hits the jelly.
The jelly is heavily wounded.
The jelly misses you. The iguana completely misses you. The hobgoblin hits you.
* * * LOW HITPOINT WARNING * * *
Aiming: Mindburst
Press: ? - help, Q - select action, (/) - cycle Shift-Dir - straight line, f/p - jelly
Aim: a jelly (heavily wounded, not susceptible)
The jelly is unaffected.
The jelly barely misses you. The iguana bites you!
You die...

### ######.####### #.# #......#
###.# #.####.# #...# #.# #..#
#.#.# ####.###..# #.#.#
#....##...# ####### #.#.#
#....##.#.# #......
#)#.######....##J#.########......
#<#)#.........##@l...............
###.#.........##g#.#####.##...###
###.#.........##.#.....#.#.....##
....#.....######.#####.#.#.###..#
#####.....# #.# #.#.#.# #..#
..........# #.# #.#.#.# #...
####......# #.#####.#.#.# #.##
#....### #.......#.#.# #.#
#....#### #########.#.###.##


You could see an iguana, a jelly and a hobgoblin.

Vanquished Creatures
  A gnoll (D:3)
  2 adders
  A worm (D:3)
  A dart slug (D:1)
  6 orcs (D:3)
  3 ball pythons
  4 endoplasms
  3 giant cockroaches
  6 goblins
  11 hobgoblins
  9 kobolds
  A quokka (D:2)
  3 bats
  5 frilled lizards
  4 rats
60 creatures vanquished.

Notes
Turn   | Place    | Note
-------+----------+-------------------------------------------
     0 | D:1      | Bobit the Gnoll Reaver began the quest for the Orb.
     0 | D:1      | Reached XP level 1. HP: 20/20 MP: 6/6
   133 | D:1      | Reached XP level 2. HP: 26/26 MP: 7/7
   138 | D:1      | Learned a level 2 spell: Momentum Strike
   157 | D:1      | Found a faded altar of an unknown god.
   371 | D:1      | Reached skill level 5 in Spellcasting
   371 | D:1      | Reached XP level 3. HP: 31/31 MP: 7/9
   624 | D:2      | Reached skill level 1 in Invocations
   648 | D:2      | Reached skill level 1 in Short Blades
   648 | D:2      | Reached skill level 1 in Long Blades
   648 | D:2      | Reached skill level 1 in Axes
   648 | D:2      | Reached skill level 1 in Polearms
   648 | D:2      | Reached skill level 1 in Staves
   648 | D:2      | Reached skill level 1 in Ranged Weapons
   648 | D:2      | Reached skill level 1 in Throwing
   648 | D:2      | Reached skill level 1 in Armour
   648 | D:2      | Reached skill level 1 in Stealth
   648 | D:2      | Reached skill level 1 in Shields
   648 | D:2      | Reached skill level 1 in Unarmed Combat
   648 | D:2      | Reached skill level 1 in Evocations
   823 | D:3      | Reached XP level 4. HP: 38/38 MP: 11/11
  1008 | D:3      | Reached skill level 1 in Hexes
  1008 | D:3      | Reached skill level 1 in Summonings
  1008 | D:3      | Reached skill level 1 in Necromancy
  1008 | D:3      | Reached skill level 1 in Translocations
  1008 | D:3      | Reached skill level 1 in Transmutations
  1008 | D:3      | Reached skill level 1 in Fire Magic
  1008 | D:3      | Reached skill level 1 in Ice Magic
  1008 | D:3      | Reached skill level 1 in Air Magic
  1008 | D:3      | Reached skill level 1 in Earth Magic
  1008 | D:3      | Reached skill level 1 in Poison Magic
  1857 | D:3      | Slain by an iguana

Illustrated notes

Levels and vault maps discovered:
D:1:      grunt_arrival_crossed_arrows, layout_rooms,
          dreamdust_ecumenical_altar_statues, hangedman_decor_opposing
D:2:      layout_basic
D:3:      layout_basic
D:4:      layout_rooms, minmay_misc_feat_pillars, skrybe_limestone_x,
          uniq_blork_the_orc

Skill      XL: |  1  2  3  4 |
---------------+-------------+-----
Spellcasting   | 5 |  5.1
Invocations    | 1 |  1.4
Short Blades   | 1 |  1.2
Long Blades    | 1 |  1.2
Axes           | 1 |  1.2
Polearms       | 1 |  1.2
Staves         | 1 |  1.2
Ranged Weapons | 1 |  1.2
Throwing       | 1 |  1.2
Armour         | 1 |  1.2
Stealth        | 1 |  1.2
Shields        | 1 |  1.2
Unarmed Combat | 1 |  1.2
Evocations     | 1 |  1.2
Hexes          | 1 |  1.0
Summonings     | 1 |  1.0
Necromancy     | 1 |  1.0
Translocations | 1 |  1.0
Transmutations | 1 |  1.0
Fire Magic     | 1 |  1.0
Ice Magic      | 1 |  1.0
Air Magic      | 1 |  1.0
Earth Magic    | 1 |  1.0
Poison Magic   | 1 |  1.0
Fighting       | |  4.7
Maces & Flails | |  6.6
Dodging        | |  4.7
Conjurations   | |  5.5

Action                     |  1- 3 |  4- 6 || total
---------------------------+-------+-------++-------
  Melee: Mace              |   113 |    71 ||   184
         Bite              |     5 |    10 ||    15
         Punch             |     1 |       ||     1
  Evoke: Wand              |       |     3 ||     3
   Stab: Sleeping          |       |     4 ||     4
 Armour: Leather armour    |    30 |    26 ||    56
  Dodge: Dodged            |    67 |    60 ||   127
